Map: Ley Lines

Players

ShoWTimE - Winner!

  • Race: Protoss Protoss
  • Spawn Location: 7:00

Cyan

  • Race: Protoss Protoss
  • Spawn Location: 1:00

Event: Esports World Cup 2025

VOD

Have the link to the VOD?

Description

Time

  • Played on: July 23, 2025, 6:25 a.m.
  • Length: 8:51

All games in this series

Show
View Real Time Build Order
Export as new Build Order

ShoWTimE Protoss - Winner!

Build Orders:  

Get SALT Encoding   

  12  0:00  Probe  
  13  0:12  Probe  
  14  0:17  Pylon  
  14  0:23  Probe  
  15  0:31  Probe  
  15  0:35  Gateway  
  15  0:39  Probe  
  16  0:45  Assimilator  
  17  0:50  Probe  
  17  0:53  Assimilator  
  18  0:59  Probe  
  19  1:06  Gateway  
  19  1:07  Probe  
  19  1:17  Probe  
  20  1:23  Cybernetics Core  
  21  1:29  Probe  
  22  1:33  Pylon  
  22  1:41  Probe  
  23  1:53  Probe  
  24  1:59  Warp Gate, Adept x2  
  28  2:07  Pylon  
  28  2:29  Sentry x2  
  31  2:37  Nexus  
  31  2:39  Probe  
  32  2:45  Shield Battery  
  32  2:52  Probe  
  32  2:53  Pylon  
  32  2:56  Sentry  
  35  3:02  Stalker  
  37  3:13  Robotics Facility  
  37  3:18  Probe  
  38  3:26  Shield Battery  
  38  3:30  Probe  
  39  3:43  Probe  
  39  3:48  Stalker x2  
  44  3:50  Probe  
  44  3:55  Probe  
  46  4:00  Shield Battery  
  46  4:02  Probe  
  47  4:04  Observer  
  47  4:07  Probe  
  49  4:13  Shield Battery  
  49  4:14  Probe  
  49  4:15  Stalker  
  52  4:18  Immortal  
  52  4:19  Stalker  
  58  4:32  Probe x2  
  58  4:34  Shield Battery  
  60  4:38  Pylon  
  60  4:44  Probe x2  
  62  4:47  Shield Battery, Warp Prism  
  62  4:56  Probe x2  
  66  5:05  Stalker x2  
  70  5:12  Pylon  
  70  5:16  Probe  
  69  5:24  Probe  
  68  5:29  Probe  
  68  5:30  Immortal  
  68  5:31  Twilight Council  
  73  5:36  Assimilator  
  73  5:41  Probe, Adept  
  73  5:42  Adept  
  78  5:45  Pylon  
  78  5:57  Resonating Glaives  
  78  5:58  Probe x2  
  78  6:02  Pylon  
  78  6:07  Nexus  
  78  6:10  Probe  
  79  6:12  Probe  
  80  6:20  Pylon  
  80  6:21  Phoenix  
  80  6:22  Stalker x2  
  80  6:23  Observer  
  85  6:28  Shield Battery  
  85  6:30  Probe x2  
  87  6:42  Probe  
  87  6:46  Gateway  
  88  6:48  Gateway  
  88  6:50  Immortal  
  88  6:52  Sentry x2  
  88  6:53  Gateway  
  92  6:55  Gateway  
  96  7:10  Gateway  
  96  7:13  Gateway  
  96  7:14  Shield Battery  
  96  7:16  Phoenix  
  96  7:21  Adept x2  
  100  7:26  Probe x2  
  100  7:27  Probe  
  95  7:38  Probe x2  
  93  7:44  Adept x4  
  93  7:51  Pylon, Adept x2  
  105  7:58  Pylon  
  105  8:04  Shield Battery  
  105  8:09  Adept x6  
  117  8:14  Pylon  
  117  8:18  Adept x2  
  117  8:19  Pylon  
  113  8:37  Adept x6  
Show
View Real Time Build Order
Export as new Build Order

Cyan Protoss 

Build Orders:  

Get SALT Encoding   

  12  0:00  Probe  
  13  0:12  Probe  
  14  0:17  Pylon  
  14  0:24  Probe  
  15  0:32  Probe  
  15  0:37  Gateway  
  15  0:40  Probe  
  16  0:45  Assimilator  
  17  0:51  Probe  
  18  0:57  Assimilator  
  18  0:59  Probe  
  19  1:07  Probe  
  19  1:08  Gateway  
  19  1:17  Probe  
  20  1:24  Cybernetics Core  
  21  1:30  Probe  
  22  1:34  Pylon  
  22  1:42  Probe  
  23  1:51  Warp Gate  
  23  1:55  Probe  
  23  1:57  Stalker  
  23  1:58  Stalker  
  28  2:14  Pylon  
  28  2:20  Probe  
  29  2:25  Stalker  
  29  2:29  Stalker  
  33  2:38  Probe  
  34  2:52  Stalker  
  36  2:58  Stalker  
  36  3:02  Shield Battery  
  38  3:08  Pylon  
  38  3:26  Nexus  
  38  3:27  Probe  
  38  3:35  Robotics Facility  
  38  3:40  Adept  
  41  3:43  Adept  
  41  3:46  Probe  
  41  3:58  Probe  
  42  4:06  Pylon, Probe  
  42  4:07  Sentry x2  
  46  4:16  Warp Prism  
  47  4:20  Probe, Shield Battery  
  50  4:35  Probe  
  51  4:40  Probe, Sentry x2  
  56  4:47  Probe  
  57  4:53  Probe  
  57  4:54  Pylon  
  52  5:07  Probe  
  52  5:09  Immortal, Stalker  
  52  5:10  Stalker  
  53  5:31  Probe  
  52  5:36  Sentry  
  52  5:37  Stalker  
  52  5:38  Probe  
  52  5:41  Assimilator  
  52  5:42  Pylon  
  57  5:43  Probe  
  57  5:47  Immortal, Shield Battery  
  62  5:50  Probe  
  63  6:07  Stalker  
  65  6:11  Probe x2  
  65  6:16  Pylon  
  67  6:21  Twilight Council  
  67  6:23  Gateway, Probe  
  67  6:24  Gateway  
  68  6:26  Immortal  
  68  6:27  Resonating Glaives  
  72  6:34  Pylon  
  72  6:38  Probe  
  71  6:45  Stalker  
  71  6:47  Probe  
  71  6:52  Gateway  
  71  6:53  Gateway  
  73  6:56  Gateway  
  72  7:02  Gateway  
  72  7:05  Observer  
  72  7:07  Sentry  
  75  7:16  Adept  
  75  7:17  Pylon, Adept  
  75  7:20  Immortal  
  79  7:25  Pylon  
  79  7:28  Adept  
  83  7:42  Adept x3  
  87  7:46  Adept  
  87  7:50  Pylon  
  89  7:53  Adept  
  89  7:54  Adept x2  
  95  8:09  Adept x5  
  105  8:14  Adept  
  105  8:16  Sentry  
  105  8:18  Adept  
  87  8:36  Adept x5  
Tags
 
Add a new tag
Caveats
  • Supply blocks, unpowered buildings, or Contaminate may cause inaccurate times.
  • Supply counts are checked every 10 seconds.